 Dungeon Crawl Stone Soup version 0.21.0-25-ge575cb9 (webtiles) character file.

65289 tidbits the Nimble (level 15, -1/119 HPs)
             Began as a Gnoll Monk on Jan 24, 2018.
             Was the Champion of Cheibriados.
             Slain by a slime creature (11 damage)
             ... on level 1 of the Swamp on Jan 25, 2018.
             The game lasted 02:13:47 (6645 turns).

tidbits the Nimble (Gnoll Monk)                     Turns: 6645, Time: 02:13:48

Health: -1/119     AC: 10    Str: 34    XL:     15   Next: 15%
Magic:  3/28       EV: 31    Int: 32    God:    Cheibriados [******]
Gold:   578        SH: 10    Dex: 34    Spells: 5/33 levels left

rFire    . . .     SeeInvis .     - Unarmed
rCold    . . .     Gourm    .   D - +1 buckler
rNeg     . . .     Faith    +   B - +0 troll leather armour
rPois    .         Spirit   .   (helmet restricted)
rElec    .         Reflect  .   C - +2 cloak
rCorr    +         Harm     .   G - +0 pair of gloves
MR       +....                  (no boots)
Stlth    +++++.....             v - amulet of faith
HPRegen  0.69/turn              K - ring of resist corrosion
MPRegen  0.21/turn              V - +4 ring of evasion

@: mighty, lethally poisoned (-1 -> -4), very slow
A: distributed training, claws 1, fangs 1, horns 1, strong nose
a: Bend Time, Temporal Distortion, Slouch, Step From Time, Renounce Religion


You were on level 1 of the Swamp.
You worshipped Cheibriados.
Cheibriados was exalted by your worship.
You were not hungry.

You visited 5 branches of the dungeon, and saw 22 of its levels.
You also visited: Sewer and Volcano.

You collected 1848 gold pieces.
You spent 1270 gold pieces at shops.

Inventory:

Hand Weapons
 a - a +6 war axe
 b - the +12 hunting sling "Utoxt" {venom, rF- Str+10 Int+2 Dex-2}
   (You found it on level 6 of the Lair of Beasts)

   It poisons the ammo it fires.
   It affects your strength (+10).
   It affects your intelligence (+2).
   It affects your dexterity (-2).
   It makes you vulnerable to fire.
 d - a +1 dagger of venom
   (You took it off an orc wizard on level 3 of the Dungeon)
Missiles
 f - 8 steel javelins
 g - 249 arrows
 y - 5 javelins (quivered)
 A - 70 stones
 Q - 14 tomahawks
 S - 8 javelins of penetration
Armour
 s - a +0 robe of fire resistance
   (You took it off an orc wizard on level 2 of the Orcish Mines)
 x - a +0 helmet
 B - a +0 troll leather armour (worn)
 C - a +2 cloak (worn)
 D - a +1 buckler (worn)
 G - a +0 pair of gloves (worn)
 U - the +2 pair of boots of the Cuttlefish {-Cast +Inv MR+ Stlth+}
   (You found it in a volcano)

   It affects your resistance to hostile enchantments.
   It lets you turn invisible.
   It prevents spellcasting.
   It makes you more stealthy.
Jewellery
 h - an uncursed ring of protection from fire
   (You found it on level 2 of the Dungeon)
 l - an uncursed ring of positive energy
   (You found it on level 5 of the Dungeon)
 v - an amulet of faith (around neck)
   (You found it on level 7 of the Dungeon)
 K - a ring of resist corrosion (left hand)
   (You bought it in a shop on level 1 of the Orcish Mines)
 R - an uncursed amulet of regeneration
   (You found it on level 10 of the Dungeon)
 V - a +4 ring of evasion (right hand)
   (You took it off a wight on level 10 of the Dungeon)
Wands
 i - a wand of digging (10)
 j - a wand of disintegration (30)
 p - a wand of paralysis (8)
 I - a wand of flame (5)
 W - a wand of scattershot (2)
Scrolls
 r - a scroll of remove curse
 w - a scroll of amnesia
 z - 2 scrolls of teleportation
 H - a scroll of immolation
 T - 2 scrolls of silence
 Z - a scroll of fog
Potions
 e - a potion of agility
 m - 7 potions of flight
 n - 3 potions of might
 o - a potion of lignification
 q - 2 potions of mutation {!q}
 E - 2 potions of resistance
 L - 5 potions of curing
 X - 2 potions of brilliance
Books
 t - a book of Misfortune
   (You found it on level 7 of the Dungeon)

   Spells                             Type                      Level
   a - Confusing Touch                Hexes                        1
   b - Confuse                        Hexes                        3
   c - Gell's Gravitas                Translocation                3
   d - Petrify                        Transmutation/Earth          4
   e - Metabolic Englaciation         Hexes/Ice                    5
   f - Yara's Violent Unravelling     Hexes/Transmutation          5
 u - a book of Changes
   (You found it on level 7 of the Dungeon)

   Spells                             Type                      Level
   a - Beastly Appendage              Transmutation                1
   b - Sticks to Snakes               Transmutation                2
   c - Spider Form                    Transmutation/Poison         3
   d - Ice Form                       Ice/Transmutation            4
   e - Blade Hands                    Transmutation                5
 M - a book of Air
   (You found it on level 6 of the Lair of Beasts)

   Spells                             Type                      Level
   a - Shock                          Conjuration/Air              1
   b - Swiftness                      Charms/Air                   2
   c - Static Discharge               Conjuration/Air              3
   d - Airstrike                      Air                          4
   e - Lightning Bolt                 Conjuration/Air              5
 P - a book of Geomancy
   (You bought it in a shop on level 7 of the Dungeon)

   Spells                             Type                      Level
   a - Sandblast                      Earth                        1
   b - Passwall                       Transmutation/Earth          2
   c - Stone Arrow                    Conjuration/Earth            3
   d - Petrify                        Transmutation/Earth          4
   e - Lee's Rapid Deconstruction     Earth                        5
Miscellaneous
 F - a fan of gales
 J - a lamp of fire
 N - 2 sacks of spiders
 Y - a box of beasts
Comestibles
 c - 20 rations


   Skills:
 + Level 11.5 Fighting
 + Level 11.5 Short Blades
 + Level 9.7 Long Blades
 + Level 9.7 Axes
 + Level 9.7 Maces & Flails
 + Level 9.7 Polearms
 + Level 9.7 Staves
 + Level 9.7 Slings
 + Level 9.7 Bows
 + Level 9.7 Crossbows
 + Level 9.7 Throwing
 + Level 9.7 Armour
 + Level 11.5 Dodging
 + Level 10.5 Stealth
 + Level 9.7 Shields
 + Level 9.7 Unarmed Combat
 + Level 9.7 Spellcasting
 + Level 8.1 Conjurations
 + Level 8.1 Hexes
 + Level 8.1 Charms
 + Level 8.1 Summonings
 + Level 8.1 Necromancy
 + Level 8.1 Translocations
 + Level 8.1 Transmutations
 + Level 8.1 Fire Magic
 + Level 8.1 Ice Magic
 + Level 8.1 Air Magic
 + Level 8.1 Earth Magic
 + Level 8.1 Poison Magic
 + Level 10.5 Invocations
 + Level 9.7 Evocations


You had 5 spell levels left.
You knew the following spells:

 Your Spells              Type           Power        Failure   Level  Hunger
a - Sandblast             Erth           ######       1%          1    None
b - Blink                 Tloc           N/A          1%          2    None
e - Beastly Appendage     Tmut           ######       1%          1    None
k - Sticks to Snakes      Tmut           ######..     1%          2    None
m - Mephitic Cloud        Conj/Pois/Air  ######..     1%          3    None
n - Animate Skeleton      Necr           N/A          1%          1    None
p - Passwall              Tmut/Erth      ######....   1%          2    None
r - Regeneration          Chrm/Necr      ######....   1%          3    None
u - Confuse               Hex            ######..     1%          3    None
v - Borgnjor's Vile Clut  Necr/Erth      ######....   3%          5    ###....
A - Apportation           Tloc           ######       1%          1    None
N - Animate Dead          Necr           N/A          1%          4    None


Dungeon Overview and Level Annotations

Branches:
Dungeon (12/15)            Temple (1/1) D:6            Lair (6/6) D:8
  Swamp (1/4) Lair:2        Snake (0/4) Lair:2          Orc (2/2) D:10
    Elf (0/3) Orc:2
  Slime: Lair:5-6

Altars:
Cheibriados
Dithmenos
Fedhas
Gozag
Kikubaaqudgha
Makhleb
Nemelex Xobeh
Okawaru
Qazlal
Uskayaw
Xom
Zin
Beogh

Shops:
D:7 :   Orc:1 =   Orc:2 [*(:

Annotations:
D:9 Qupu's ghost, novice HOMo
Lair:5 2 transporters


Innate Abilities, Weirdness & Mutations

Your experience applies equally to all skills.
You have very sharp teeth.
Your uncanny sense of smell can sniff out nearby items.
You have sharp fingernails.
You have a pair of small horns on your head.


Message History

Your lamp of fire has recharged.
You feel somewhat more hungry.
The zombie hands constrict the alligator.
The zombie hands constrict the tyrant leech!
The zombie hands constrict the swamp dragon!!
You feel sick. You block the swamp dragon's attack. x2
The swamp dragon tramples you but does no damage.
The alligator misses you. x2; The slime creature hits you.
* * * LOW HITPOINT WARNING * * *
A tyrant leech and a vampire mosquito come into view.
You can feel time thicken for a moment.
You kill the alligator!
Cheibriados thoroughly appreciates the change of pace.
You destroy the vampire mosquito!
Cheibriados thoroughly appreciates the change of pace.
You kill the alligator!
Cheibriados thoroughly appreciates the change of pace.
Cheibriados appreciates the change of pace.
You feel a bit more experienced.
You feel somewhat more hungry.
The zombie hands constrict the tyrant leech.
The zombie hands constrict the swamp dragon.
You kill the swamp dragon!
Cheibriados appreciates the change of pace.
You feel sick. The slime creature barely misses you.
The tyrant leech struggles to escape constriction.
Two slime creatures merge to form a large slime creature.
The slime creature completely misses you.
A vampire mosquito comes into view.
You hit the large slime creature. You bite the large slime creature.
The large slime creature is severely wounded.
The zombie hands constrict the tyrant leech!
You feel sick.
You pummel the large slime creature!! You bite the large slime creature.
The large slime creature is severely wounded.
The zombie hands constrict the tyrant leech.
You kill the tyrant leech!
Cheibriados appreciates the change of pace.
You feel sick. You block the slime creature's attack.
A large slime creature splits.
Two slime creatures merge to form a large slime creature.
You punch the large slime creature!
You headbutt the large slime creature, but do no damage.
You bite the large slime creature.
The large slime creature is severely wounded.
You feel sick. The slime creature misses you.
You feel very mighty all of a sudden.
You feel sick. The slime creature closely misses you.
The vampire mosquito completely misses you.
The slime creature completely misses you.
A tyrant leech comes into view.
You punch the slime creature! You headbutt the slime creature!
You kill the slime creature!
Cheibriados thoroughly appreciates the change of pace.
You feel sick.
The vampire mosquito closely misses you.
A large slime creature splits.
You block the vampire mosquito's attack.
The tyrant leech bites you!!
* * * LOW HITPOINT WARNING * * *
The tyrant leech draws strength from your injuries!
The slime creature completely misses you.
You punch the vampire mosquito! You headbutt the vampire mosquito!
You destroy the vampire mosquito!
Cheibriados thoroughly appreciates the change of pace.
You feel sick. You block the slime creature's attack.
You miss the tyrant leech. You headbutt the tyrant leech.
You bite the tyrant leech!
The tyrant leech is heavily wounded.
You feel sick. You block the slime creature's attack.
The slime creature misses you. The tyrant leech completely misses you.
The slime creature completely misses you.
You barely miss the slime creature. You headbutt the slime creature!
You bite the slime creature.
You kill the slime creature!
Cheibriados thoroughly appreciates the change of pace.
You feel sick. The slime creature hits you.
* * * LOW HITPOINT WARNING * * *
The tyrant leech misses you.
Okay, then.
Okay, then.
You punch the tyrant leech! Your headbutt misses the tyrant leech.
The tyrant leech is severely wounded.
You feel sick. The slime creature hits you.
* * * LOW HITPOINT WARNING * * *
You block the tyrant leech's attack. You block the slime creature's attack.
You punch the tyrant leech! Your headbutt misses the tyrant leech.
The tyrant leech is almost dead.
You feel sick.
The slime creature completely misses you.
The tyrant leech misses you.
The slime creature completely misses you.
You closely miss the tyrant leech. Your headbutt misses the tyrant leech.
The tyrant leech is lightly wounded.
You feel sick. The tyrant leech completely misses you.
The slime creature completely misses you.
You block the tyrant leech's attack.
You punch the tyrant leech! You headbutt the tyrant leech!
You bite the tyrant leech.
The tyrant leech is heavily wounded.
You feel sick. The slime creature hits you!
You die...

≈≈..(.. ...#
≈≈.....#...
≈≈≈..≈.....∆
≈≈≈..≈≈... .
≈≈≈≈.≈≈..####=.
≈≈.≈.†.w.......
....$..JJ..$♣♣♣
.†....w@†..≈..♣
.≈♣♣...≈w..≈≈.≈
....†.≈..≈≈♣≈≈§
.≈.....≈≈≈≈♣ ♣
.≈≈.......≈♣
≈≈≈...≈≈...♣
.....≈≈≈≈≈.♣
♣♣.$.≈≈.≈...


You could see 3 tyrant leeches and 2 slime creatures.

Vanquished Creatures
  A red draconian (Volcano)
  Josephine (D:10)
  3 hydras
  3 catoblepae (Lair:6)
  A centaur warrior (Volcano)
  Erica (D:8)
  A two-headed ogre (D:8)
  4 alligators (Swamp:1)
  10 death yaks
  4 orc high priests (Orc:2)
  Nergalle (Lair:4)
  2 swamp dragons (Swamp:1)
  A necromancer (D:10)
  3 orc sorcerers (Orc:2)
  4 orc knights (Orc:2)
  11 oklob plants (Lair:4)
  9 elephants
  2 centaur zombies (D:10)
  A cyclops (Orc:2)
  3 manticores
  2 molten gargoyles (Volcano)
  12 spiny frogs
  A gargoyle (D:11)
  An efreet (D:10)
  4 komodo dragons
  A yaktaur (Volcano)
  8 trolls
  Prince Ribbit (D:6)
  3 hornets (D:8)
  A tyrant leech (Swamp:1)
  2 slime creatures (Swamp:1)
  10 blink frogs
  7 hippogriffs
  4 flying skulls (D:10)
  2 shadows
  4 wyverns
  Sigmund (D:5)
  5 wraiths (D:10)
  A hungry ghost (D:8)
  17 yaks
  5 fire bats
  4 basilisks
  4 vampire mosquitoes (Swamp:1)
  2 nagas (Lair:2)
  A warg (Orc:2)
  3 swamp worms
  A soldier ant (D:8)
  A water moccasin (Lair:4)
  7 porcupines
  23 orc warriors
  A swamp drake (Swamp:1)
  3 sky beasts
  A hornet zombie (D:10)
  4 black bears
  2 ice beasts
  7 ogres
  2 phantoms
  6 wolves
  6 centaurs
  4 crocodiles
  10 bullfrogs
  A water moccasin zombie (D:10)
  A wyvern skeleton (D:10)
  5 scorpions
  5 killer bees (D:10)
  5 wights (D:10)
  2 electric eels
  4 howler monkeys
  2 crimson imps
  2 bullfrog zombies
  4 lava snakes (Volcano)
  A quasit (D:6)
  2 hounds
  A jelly (D:7)
  23 orc wizards
  2 bullfrog skeletons
  22 orc priests
  A centaur skeleton (D:10)
  An iguana (D:8)
  6 worker ants
  2 killer bee zombies (D:10)
  A hound zombie (D:8)
  2 hound skeletons
  4 worker ant zombies
  5 adders
  2 shadow imps
  An adder zombie (D:5)
  3 worms
  A dart slug (D:3)
  2 leopard geckos
  49 orcs
  7 ball pythons
  2 giant cockroaches
  A hobgoblin (D:3)
  12 jackals
  6 bats
  2 frilled lizards
  A kobold (D:2)
  A leopard gecko skeleton (D:5)
  A leopard gecko zombie (D:6)
  A quokka skeleton (D:5)
  A quokka zombie (D:5)
  3 rats
  6 plants
456 creatures vanquished.

Vanquished Creatures (collateral kills)
  An orc warlord (Orc:2)
  3 death yaks (Lair:6)
  An elephant (Lair:4)
  2 polar bears (Lair:6)
  A wyvern (Lair:5)
  10 yaks
  A swamp worm (Lair:2)
  A water moccasin (Lair:6)
  A centaur (D:11)
  2 crocodiles
  A bullfrog (D:10)
  2 killer bees (D:10)
  3 wights (D:10)
  An orc wizard (Orc:2)
  An orc priest (Orc:2)
  6 orcs
  A plant (Lair:4)
38 creatures vanquished.

Vanquished Creatures (others)
  7 fungi
  2 plants (Lair:1)
9 creatures vanquished.

Grand Total: 503 creatures vanquished

Notes
Turn   | Place    | Note
-------+----------+-------------------------------------------
     0 | D:1      | tidbits the Gnoll Monk began the quest for the Orb.
     0 | D:1      | Reached XP level 1. HP: 23/23 MP: 1/1
    54 | D:2      | Reached XP level 2. HP: 28/29 MP: 2/2
    82 | D:3      | Reached XP level 3. HP: 35/35 MP: 2/4
    89 | D:3      | Reached skill level 1 in Invocations
   100 | D:3      | Reached skill level 1 in Long Blades
   100 | D:3      | Reached skill level 1 in Axes
   100 | D:3      | Reached skill level 1 in Maces & Flails
   100 | D:3      | Reached skill level 1 in Polearms
   100 | D:3      | Reached skill level 1 in Staves
   100 | D:3      | Reached skill level 1 in Slings
   100 | D:3      | Reached skill level 1 in Bows
   100 | D:3      | Reached skill level 1 in Crossbows
   100 | D:3      | Reached skill level 1 in Throwing
   100 | D:3      | Reached skill level 1 in Armour
   100 | D:3      | Reached skill level 1 in Shields
   100 | D:3      | Reached skill level 1 in Unarmed Combat
   100 | D:3      | Reached skill level 1 in Spellcasting
   100 | D:3      | Reached skill level 1 in Evocations
   100 | D:3      | Reached XP level 4. HP: 33/41 MP: 3/5
   173 | D:5      | Entered Level 5 of the Dungeon
   213 | D:5      | Reached skill level 1 in Conjurations
   213 | D:5      | Reached skill level 1 in Hexes
   213 | D:5      | Reached skill level 1 in Charms
   213 | D:5      | Reached skill level 1 in Summonings
   213 | D:5      | Reached skill level 1 in Necromancy
   213 | D:5      | Reached skill level 1 in Translocations
   213 | D:5      | Reached skill level 1 in Transmutations
   213 | D:5      | Reached skill level 1 in Fire Magic
   213 | D:5      | Reached skill level 1 in Ice Magic
   213 | D:5      | Reached skill level 1 in Air Magic
   213 | D:5      | Reached skill level 1 in Earth Magic
   213 | D:5      | Reached skill level 1 in Poison Magic
   225 | D:5      | Learned a level 2 spell: Blink
   242 | D:5      | Found a glowing drain.
   259 | Sewer    | Entered a sewer
   300 | Sewer    | Reached XP level 5. HP: 47/47 MP: 6/6
   499 | D:4      | Noticed an ogre
   507 | D:4      | Killed an ogre
   519 | D:5      | Noticed a phantom
   569 | D:5      | Noticed a centaur
   577 | D:5      | Killed a centaur
   577 | D:5      | Reached skill level 2 in Invocations
   577 | D:5      | Reached XP level 6. HP: 18/53 MP: 8/8
   586 | D:5      | Reached skill level 2 in Long Blades
   586 | D:5      | Reached skill level 2 in Axes
   586 | D:5      | Reached skill level 2 in Maces & Flails
   586 | D:5      | Reached skill level 2 in Polearms
   586 | D:5      | Reached skill level 2 in Staves
   586 | D:5      | Reached skill level 2 in Slings
   586 | D:5      | Reached skill level 2 in Bows
   586 | D:5      | Reached skill level 2 in Crossbows
   586 | D:5      | Reached skill level 2 in Throwing
   586 | D:5      | Reached skill level 2 in Armour
   586 | D:5      | Reached skill level 2 in Shields
   586 | D:5      | Reached skill level 2 in Unarmed Combat
   586 | D:5      | Reached skill level 2 in Spellcasting
   586 | D:5      | Reached skill level 2 in Evocations
   593 | D:5      | Killed a phantom
   616 | D:5      | Noticed Sigmund
   631 | D:5      | Killed Sigmund
   631 | D:5      | Reached skill level 7 in Fighting
   631 | D:5      | Reached skill level 7 in Short Blades
   631 | D:5      | Reached skill level 7 in Dodging
   631 | D:5      | Reached XP level 7. HP: 44/60 MP: 10/10
   645 | D:5      | Reached skill level 2 in Conjurations
   645 | D:5      | Reached skill level 2 in Hexes
   645 | D:5      | Reached skill level 2 in Charms
   645 | D:5      | Reached skill level 2 in Summonings
   645 | D:5      | Reached skill level 2 in Necromancy
   645 | D:5      | Reached skill level 2 in Translocations
   645 | D:5      | Reached skill level 2 in Transmutations
   645 | D:5      | Reached skill level 2 in Fire Magic
   645 | D:5      | Reached skill level 2 in Ice Magic
   645 | D:5      | Reached skill level 2 in Air Magic
   645 | D:5      | Reached skill level 2 in Earth Magic
   645 | D:5      | Reached skill level 2 in Poison Magic
   751 | D:6      | Reached skill level 5 in Stealth
   755 | D:6      | Reached skill level 3 in Invocations
   828 | D:6      | Noticed Prince Ribbit
   846 | D:6      | Killed Prince Ribbit
   846 | D:6      | Reached skill level 3 in Long Blades
   846 | D:6      | Reached skill level 3 in Axes
   846 | D:6      | Reached skill level 3 in Maces & Flails
   846 | D:6      | Reached skill level 3 in Polearms
   846 | D:6      | Reached skill level 3 in Staves
   846 | D:6      | Reached skill level 3 in Slings
   846 | D:6      | Reached skill level 3 in Bows
   846 | D:6      | Reached skill level 3 in Crossbows
   846 | D:6      | Reached skill level 3 in Throwing
   846 | D:6      | Reached skill level 3 in Armour
   846 | D:6      | Reached skill level 3 in Shields
   846 | D:6      | Reached skill level 3 in Unarmed Combat
   846 | D:6      | Reached skill level 3 in Spellcasting
   846 | D:6      | Reached skill level 3 in Evocations
   846 | D:6      | Reached XP level 8. HP: 36/67 MP: 12/12
  1022 | D:7      | Learned a level 3 spell: Conjure Flame
  1026 | D:7      | Learned a level 3 spell: Mephitic Cloud
  1219 | D:7      | Learned a level 1 spell: Beastly Appendage
  1222 | D:7      | Learned a level 2 spell: Sticks to Snakes
  1231 | D:7      | Found Ruaxkeoz's Book Shop.
  1322 | D:6      | Found a staircase to the Ecumenical Temple.
  1327 | D:6      | Reached skill level 3 in Conjurations
  1327 | D:6      | Reached skill level 3 in Hexes
  1327 | D:6      | Reached skill level 3 in Charms
  1327 | D:6      | Reached skill level 3 in Summonings
  1327 | D:6      | Reached skill level 3 in Necromancy
  1327 | D:6      | Reached skill level 3 in Translocations
  1327 | D:6      | Reached skill level 3 in Transmutations
  1327 | D:6      | Reached skill level 3 in Fire Magic
  1327 | D:6      | Reached skill level 3 in Ice Magic
  1327 | D:6      | Reached skill level 3 in Air Magic
  1327 | D:6      | Reached skill level 3 in Earth Magic
  1327 | D:6      | Reached skill level 3 in Poison Magic
  1327 | D:6      | Reached skill level 4 in Invocations
  1345 | Temple   | Entered the Ecumenical Temple
  1370 | Temple   | Became a worshipper of Cheibriados the Contemplative
  1370 | Temple   | Reached * piety under Cheibriados
  1370 | Temple   | Reached ** piety under Cheibriados
  1443 | D:5      | Reached XP level 9. HP: 41/72 MP: 9/14
  1469 | D:6      | Learned a level 3 spell: Confuse
  1557 | D:6      | You fall through a shaft!
  1738 | D:8      | Learned a level 3 spell: Spider Form
  1802 | D:8      | Noticed a two-headed ogre
  1805 | D:8      | Gained mutation: You have sharp fingernails. [potion of mutation]
  1805 | D:8      | Gained mutation: You have a pair of small horns on your head. [potion of mutation]
  1822 | D:8      | Reached skill level 4 in Long Blades
  1822 | D:8      | Reached skill level 4 in Axes
  1822 | D:8      | Reached skill level 4 in Maces & Flails
  1822 | D:8      | Reached skill level 4 in Polearms
  1822 | D:8      | Reached skill level 4 in Staves
  1822 | D:8      | Reached skill level 4 in Slings
  1822 | D:8      | Reached skill level 4 in Bows
  1822 | D:8      | Reached skill level 4 in Crossbows
  1822 | D:8      | Reached skill level 4 in Throwing
  1822 | D:8      | Reached skill level 4 in Armour
  1822 | D:8      | Reached skill level 4 in Shields
  1822 | D:8      | Reached skill level 4 in Unarmed Combat
  1822 | D:8      | Reached skill level 4 in Spellcasting
  1822 | D:8      | Reached skill level 4 in Evocations
  1831 | D:8      | Killed a two-headed ogre
  1831 | D:8      | Reached skill level 8 in Fighting
  1831 | D:8      | Reached skill level 8 in Short Blades
  1831 | D:8      | Reached skill level 8 in Dodging
  1831 | D:8      | Reached skill level 6 in Stealth
  1845 | D:8      | HP: 2/74 [orc priest/divine providence (12)]
  1870 | D:8      | Reached *** piety under Cheibriados
  1870 | D:8      | Reached skill level 5 in Invocations
  1976 | D:8      | Noticed a hornet
  1977 | D:8      | Killed a hornet
  1977 | D:8      | Reached XP level 10. HP: 46/80 MP: 15/17
  1980 | D:8      | Reached skill level 4 in Conjurations
  1980 | D:8      | Reached skill level 4 in Hexes
  1980 | D:8      | Reached skill level 4 in Charms
  1980 | D:8      | Reached skill level 4 in Summonings
  1980 | D:8      | Reached skill level 4 in Necromancy
  1980 | D:8      | Reached skill level 4 in Translocations
  1980 | D:8      | Reached skill level 4 in Transmutations
  1980 | D:8      | Reached skill level 4 in Fire Magic
  1980 | D:8      | Reached skill level 4 in Ice Magic
  1980 | D:8      | Reached skill level 4 in Air Magic
  1980 | D:8      | Reached skill level 4 in Earth Magic
  1980 | D:8      | Reached skill level 4 in Poison Magic
  2030 | D:8      | Reached skill level 5 in Long Blades
  2030 | D:8      | Reached skill level 5 in Axes
  2030 | D:8      | Reached skill level 5 in Maces & Flails
  2030 | D:8      | Reached skill level 5 in Polearms
  2030 | D:8      | Reached skill level 5 in Staves
  2030 | D:8      | Reached skill level 5 in Slings
  2030 | D:8      | Reached skill level 5 in Bows
  2030 | D:8      | Reached skill level 5 in Crossbows
  2030 | D:8      | Reached skill level 5 in Throwing
  2030 | D:8      | Reached skill level 5 in Armour
  2030 | D:8      | Reached skill level 5 in Shields
  2030 | D:8      | Reached skill level 5 in Unarmed Combat
  2030 | D:8      | Reached skill level 5 in Spellcasting
  2030 | D:8      | Reached skill level 5 in Evocations
  2138 | D:8      | Found a staircase to the Lair.
  2139 | D:8      | Noticed an elephant
  2216 | D:8      | Noticed Erica
  2255 | D:8      | Killed an elephant
  2269 | D:8      | Killed Erica
  2333 | D:9      | Reached **** piety under Cheibriados
  2333 | D:9      | Reached skill level 6 in Invocations
  2360 | D:9      | Learned a level 3 spell: Regeneration
  2385 | D:9      | Reached skill level 7 in Stealth
  2497 | D:10     | Entered Level 10 of the Dungeon
  2608 | D:10     | Reached XP level 11. HP: 83/87 MP: 19/19
  2681 | D:10     | Learned a level 4 spell: Animate Dead
  2712 | D:10     | Reached skill level 9 in Fighting
  2712 | D:10     | Reached skill level 9 in Short Blades
  2712 | D:10     | Reached skill level 6 in Long Blades
  2712 | D:10     | Reached skill level 6 in Axes
  2712 | D:10     | Reached skill level 6 in Maces & Flails
  2712 | D:10     | Reached skill level 6 in Polearms
  2712 | D:10     | Reached skill level 6 in Staves
  2712 | D:10     | Reached skill level 6 in Slings
  2712 | D:10     | Reached skill level 6 in Bows
  2712 | D:10     | Reached skill level 6 in Crossbows
  2712 | D:10     | Reached skill level 6 in Throwing
  2712 | D:10     | Reached skill level 6 in Armour
  2712 | D:10     | Reached skill level 9 in Dodging
  2712 | D:10     | Reached skill level 6 in Shields
  2712 | D:10     | Reached skill level 6 in Unarmed Combat
  2712 | D:10     | Reached skill level 6 in Spellcasting
  2712 | D:10     | Reached skill level 6 in Evocations
  2747 | D:11     | Reached skill level 5 in Conjurations
  2747 | D:11     | Reached skill level 5 in Hexes
  2747 | D:11     | Reached skill level 5 in Charms
  2747 | D:11     | Reached skill level 5 in Summonings
  2747 | D:11     | Reached skill level 5 in Necromancy
  2747 | D:11     | Reached skill level 5 in Translocations
  2747 | D:11     | Reached skill level 5 in Transmutations
  2747 | D:11     | Reached skill level 5 in Fire Magic
  2747 | D:11     | Reached skill level 5 in Ice Magic
  2747 | D:11     | Reached skill level 5 in Air Magic
  2747 | D:11     | Reached skill level 5 in Earth Magic
  2747 | D:11     | Reached skill level 5 in Poison Magic
  2878 | D:11     | Noticed a manticore
  2892 | D:11     | Killed a manticore
  3122 | D:10     | Reached ***** piety under Cheibriados
  3185 | D:10     | Reached skill level 7 in Invocations
  3233 | D:10     | Noticed a necromancer
  3234 | D:10     | Found a staircase to the Orcish Mines.
  3269 | D:10     | Noticed Josephine
  3282 | D:10     | Killed Josephine
  3290 | D:10     | Killed a necromancer
  3292 | D:10     | Reached skill level 8 in Stealth
  3303 | D:10     | Reached XP level 12. HP: 50/96 MP: 3/22
  3359 | D:10     | Learned a level 5 spell: Borgnjor's Vile Clutch
  3366 | D:10     | Learned a level 1 spell: Animate Skeleton
  3367 | Orc:1    | Entered Level 1 of the Orcish Mines
  3456 | Orc:2    | Entered Level 2 of the Orcish Mines
  3462 | Orc:2    | Found a staircase to the Elven Halls.
  3523 | Orc:1    | Found Qadeuz's Jewellery Emporium.
  3700 | Orc:2    | Reached skill level 7 in Long Blades
  3700 | Orc:2    | Reached skill level 7 in Axes
  3700 | Orc:2    | Reached skill level 7 in Maces & Flails
  3700 | Orc:2    | Reached skill level 7 in Polearms
  3700 | Orc:2    | Reached skill level 7 in Staves
  3700 | Orc:2    | Reached skill level 7 in Slings
  3700 | Orc:2    | Reached skill level 7 in Bows
  3700 | Orc:2    | Reached skill level 7 in Crossbows
  3700 | Orc:2    | Reached skill level 7 in Throwing
  3700 | Orc:2    | Reached skill level 7 in Armour
  3700 | Orc:2    | Reached skill level 7 in Shields
  3700 | Orc:2    | Reached skill level 7 in Unarmed Combat
  3700 | Orc:2    | Reached skill level 7 in Spellcasting
  3700 | Orc:2    | Reached skill level 7 in Evocations
  3784 | Orc:2    | Noticed an orc high priest
  3784 | Orc:2    | Noticed an orc high priest
  3786 | Orc:2    | Killed an orc high priest
  3791 | Orc:2    | Killed an orc high priest
  3800 | Orc:2    | Reached skill level 6 in Conjurations
  3800 | Orc:2    | Reached skill level 6 in Hexes
  3800 | Orc:2    | Reached skill level 6 in Charms
  3800 | Orc:2    | Reached skill level 6 in Summonings
  3800 | Orc:2    | Reached skill level 6 in Necromancy
  3800 | Orc:2    | Reached skill level 6 in Translocations
  3800 | Orc:2    | Reached skill level 6 in Transmutations
  3800 | Orc:2    | Reached skill level 6 in Fire Magic
  3800 | Orc:2    | Reached skill level 6 in Ice Magic
  3800 | Orc:2    | Reached skill level 6 in Air Magic
  3800 | Orc:2    | Reached skill level 6 in Earth Magic
  3800 | Orc:2    | Reached skill level 6 in Poison Magic
  3815 | Orc:2    | Noticed an orc warlord
  3903 | Orc:1    | Found a roughly hewn altar of Beogh.
  3981 | Orc:2    | Noticed an orc high priest
  3986 | Orc:2    | Killed an orc high priest
  3986 | Orc:2    | Reached skill level 8 in Invocations
  4041 | Orc:2    | Noticed an orc high priest
  4044 | Orc:2    | Noticed a soul eater
  4053 | Orc:2    | Killed an orc high priest
  4059 | Orc:2    | Reached skill level 10 in Fighting
  4059 | Orc:2    | Reached skill level 10 in Short Blades
  4059 | Orc:2    | Reached skill level 10 in Dodging
  4119 | Orc:2    | Killed an orc warlord
  4119 | Orc:2    | Reached XP level 13. HP: 67/103 MP: 2/24
  4161 | Orc:2    | Found Duycash's Antique Armour Shoppe.
  4162 | Orc:2    | Found Usmoumof's Antique Weapon Shoppe.
  4163 | Orc:2    | Found Poyfow's General Store.
  4163 | Orc:2    | Found Cexzy's Book Emporium.
  4187 | Orc:2    | Bought a wand of digging (14) for 360 gold pieces
  4292 | Orc:1    | Bought an uncursed ring of resist corrosion for 360 gold pieces
  4356 | D:9      | Noticed Qupu's ghost (novice HOMo)
  4409 | D:7      | Bought a book of Cantrips for 200 gold pieces
  4409 | D:7      | Bought a book of Geomancy for 350 gold pieces
  4412 | D:7      | Learned a level 2 spell: Passwall
  4414 | D:7      | Learned a level 1 spell: Apportation
  4449 | Lair:1   | Entered Level 1 of the Lair of Beasts
  4501 | Lair:2   | Reached skill level 9 in Stealth
  4550 | Lair:2   | Found a dark tunnel.
  4563 | Volcano  | Entered a volcano
  4683 | Volcano  | Reached ****** piety under Cheibriados
  4731 | Volcano  | Found a bloodstained altar of Trog.
  4744 | Volcano  | Noticed a red draconian
  4750 | Volcano  | Killed a red draconian
  4750 | Volcano  | Reached skill level 8 in Long Blades
  4750 | Volcano  | Reached skill level 8 in Axes
  4750 | Volcano  | Reached skill level 8 in Maces & Flails
  4750 | Volcano  | Reached skill level 8 in Polearms
  4750 | Volcano  | Reached skill level 8 in Staves
  4750 | Volcano  | Reached skill level 8 in Slings
  4750 | Volcano  | Reached skill level 8 in Bows
  4750 | Volcano  | Reached skill level 8 in Crossbows
  4750 | Volcano  | Reached skill level 8 in Throwing
  4750 | Volcano  | Reached skill level 8 in Armour
  4750 | Volcano  | Reached skill level 8 in Shields
  4750 | Volcano  | Reached skill level 8 in Unarmed Combat
  4750 | Volcano  | Reached skill level 8 in Spellcasting
  4750 | Volcano  | Reached skill level 8 in Evocations
  4823 | Volcano  | Got a pair of crude boots
  4826 | Volcano  | Identified the +2 pair of boots of the Cuttlefish {-Cast +Inv MR+ Stlth+} (You found it in a volcano)
  4957 | Lair:3   | Reached skill level 9 in Invocations
  5022 | Lair:2   | Snake Pit
  5208 | Lair:4   | Reached skill level 7 in Conjurations
  5208 | Lair:4   | Reached skill level 7 in Hexes
  5208 | Lair:4   | Reached skill level 7 in Charms
  5208 | Lair:4   | Reached skill level 7 in Summonings
  5208 | Lair:4   | Reached skill level 7 in Necromancy
  5208 | Lair:4   | Reached skill level 7 in Translocations
  5208 | Lair:4   | Reached skill level 7 in Transmutations
  5208 | Lair:4   | Reached skill level 7 in Fire Magic
  5208 | Lair:4   | Reached skill level 7 in Ice Magic
  5208 | Lair:4   | Reached skill level 7 in Air Magic
  5208 | Lair:4   | Reached skill level 7 in Earth Magic
  5208 | Lair:4   | Reached skill level 7 in Poison Magic
  5467 | Lair:5   | Found a transporter.
  5468 | Lair:5   | Found the +8 demon blade "Leech" {vamp, rN+ AC-3 EV-3}
  5495 | Lair:5   | Found a transporter.
  5542 | Lair:5   | Reached XP level 14. HP: 111/111 MP: 16/26
  5568 | Lair:5   | Learned a level 1 spell: Sandblast
  5569 | Lair:6   | Entered Level 6 of the Lair of Beasts
  5706 | Lair:6   | Reached skill level 11 in Fighting
  5706 | Lair:6   | Reached skill level 11 in Short Blades
  5706 | Lair:6   | Reached skill level 11 in Dodging
  5720 | Lair:6   | Reached skill level 9 in Long Blades
  5720 | Lair:6   | Reached skill level 9 in Axes
  5720 | Lair:6   | Reached skill level 9 in Maces & Flails
  5720 | Lair:6   | Reached skill level 9 in Polearms
  5720 | Lair:6   | Reached skill level 9 in Staves
  5720 | Lair:6   | Reached skill level 9 in Slings
  5720 | Lair:6   | Reached skill level 9 in Bows
  5720 | Lair:6   | Reached skill level 9 in Crossbows
  5720 | Lair:6   | Reached skill level 9 in Throwing
  5720 | Lair:6   | Reached skill level 9 in Armour
  5720 | Lair:6   | Reached skill level 9 in Shields
  5720 | Lair:6   | Reached skill level 9 in Unarmed Combat
  5720 | Lair:6   | Reached skill level 9 in Spellcasting
  5720 | Lair:6   | Reached skill level 9 in Evocations
  5761 | Lair:6   | Reached skill level 10 in Stealth
  5806 | Lair:6   | Reached skill level 10 in Invocations
  5821 | Lair:6   | Got a polished hunting sling
  5822 | Lair:6   | Identified the +12 hunting sling "Utoxt" {venom, rF- Str+10 Int+2 Dex-2} (You found it on level 6 of the Lair of Beasts)
  5860 | Lair:6   | Found a sparkling altar of Nemelex Xobeh.
  6138 | Lair:4   | Noticed Nergalle
  6144 | Lair:4   | Killed Nergalle
  6340 | Lair:2   | You fall through a shaft for 2 floors!
  6524 | Lair:2   | Found a staircase to the Snake Pit.
  6571 | Lair:2   | Reached skill level 8 in Conjurations
  6571 | Lair:2   | Reached skill level 8 in Hexes
  6571 | Lair:2   | Reached skill level 8 in Charms
  6571 | Lair:2   | Reached skill level 8 in Summonings
  6571 | Lair:2   | Reached skill level 8 in Necromancy
  6571 | Lair:2   | Reached skill level 8 in Translocations
  6571 | Lair:2   | Reached skill level 8 in Transmutations
  6571 | Lair:2   | Reached skill level 8 in Fire Magic
  6571 | Lair:2   | Reached skill level 8 in Ice Magic
  6571 | Lair:2   | Reached skill level 8 in Air Magic
  6571 | Lair:2   | Reached skill level 8 in Earth Magic
  6571 | Lair:2   | Reached skill level 8 in Poison Magic
  6607 | Lair:2   | Found a staircase to the Swamp.
  6614 | Lair:2   | Reached XP level 15. HP: 116/119 MP: 22/28
  6617 | Swamp:1  | Entered Level 1 of the Swamp
  6642 | Swamp:1  | HP: 11/119 [slime creature (2)]
  6645 | Swamp:1  | Slain by a slime creature

Skill      XL: |  1  2  3  4  5  6  7  8  9 10 11 12 13 14 |
---------------+-------------------------------------------+-----
Invocations    | 1 2 3 4 5 6 7 8 9 10 | 10.5
Long Blades    | 1 2 3 4 5 6 7 8 9 |  9.7
Axes           | 1 2 3 4 5 6 7 8 9 |  9.7
Maces & Flails | 1 2 3 4 5 6 7 8 9 |  9.7
Polearms       | 1 2 3 4 5 6 7 8 9 |  9.7
Staves         | 1 2 3 4 5 6 7 8 9 |  9.7
Slings         | 1 2 3 4 5 6 7 8 9 |  9.7
Bows           | 1 2 3 4 5 6 7 8 9 |  9.7
Crossbows      | 1 2 3 4 5 6 7 8 9 |  9.7
Throwing       | 1 2 3 4 5 6 7 8 9 |  9.7
Armour         | 1 2 3 4 5 6 7 8 9 |  9.7
Shields        | 1 2 3 4 5 6 7 8 9 |  9.7
Unarmed Combat | 1 2 3 4 5 6 7 8 9 |  9.7
Spellcasting   | 1 2 3 4 5 6 7 8 9 |  9.7
Evocations     | 1 2 3 4 5 6 7 8 9 |  9.7
Conjurations   | 1 2 3 4 5 6 7 8 |  8.1
Hexes          | 1 2 3 4 5 6 7 8 |  8.1
Charms         | 1 2 3 4 5 6 7 8 |  8.1
Summonings     | 1 2 3 4 5 6 7 8 |  8.1
Necromancy     | 1 2 3 4 5 6 7 8 |  8.1
Translocations | 1 2 3 4 5 6 7 8 |  8.1
Transmutations | 1 2 3 4 5 6 7 8 |  8.1
Fire Magic     | 1 2 3 4 5 6 7 8 |  8.1
Ice Magic      | 1 2 3 4 5 6 7 8 |  8.1
Air Magic      | 1 2 3 4 5 6 7 8 |  8.1
Earth Magic    | 1 2 3 4 5 6 7 8 |  8.1
Poison Magic   | 1 2 3 4 5 6 7 8 |  8.1
Fighting       | 7 8 9 10 11 | 11.5
Short Blades   | 7 8 9 10 11 | 11.5
Dodging        | 7 8 9 10 11 | 11.5
Stealth        | 5 6 7 8 9 10 | 10.5

Action                   |  1- 3 |  4- 6 |  7- 9 | 10-12 | 13-15 || total
-------------------------+-------+-------+-------+-------+-------++-------
Melee: Short sword       |    20 |       |       |       |       ||    20
       Bite              |     2 |    10 |    28 |    87 |    71 ||   198
       Dagger            |       |    90 |   224 |   229 |    84 ||   627
       Punch             |       |     1 |     3 |     4 |       ||     8
       Kick              |       |       |    21 |    81 |    60 ||   162
       Unarmed           |       |       |    18 |    68 |    86 ||   172
       Headbutt          |       |       |    17 |   135 |   125 ||   277
       Scimitar          |       |       |       |    10 |       ||    10
       War axe           |       |       |       |   127 |   109 ||   236
 Fire: Hunting sling     |       |       |       |       |     2 ||     2
Throw: Tomahawk          |       |     5 |    12 |    20 |       ||    37
       Javelin           |       |       |     6 |     5 |       ||    11
 Cast: Sticks to Snakes  |       |       |     6 |    27 |       ||    33
       Mephitic Cloud    |       |       |     3 |     4 |       ||     7
       Beastly Appendage |       |       |     2 |    12 |     9 ||    23
       Confuse           |       |       |     2 |     3 |       ||     5
       Spider Form       |       |       |     2 |     3 |       ||     5
       Regeneration      |       |       |       |     8 |     3 ||    11
       Animate Dead      |       |       |       |     3 |     5 ||     8
       Borgnjor's Vile C |       |       |       |    15 |    44 ||    59
       Animate Skeleton  |       |       |       |     3 |     8 ||    11
       Apportation       |       |       |       |       |    55 ||    55
       Passwall          |       |       |       |       |    14 ||    14
Invok: Bend Time         |       |       |     4 |    10 |       ||    14
       Slouch            |       |       |       |     5 |     2 ||     7
Evoke: Wand              |       |     2 |     6 |    31 |    30 ||    69
       Sack of spiders   |       |       |       |     1 |     2 ||     3
       Lamp of fire      |       |       |       |       |     1 ||     1
  Use: Potion            |     1 |     5 |     3 |     6 |     1 ||    16
       Scroll            |       |     1 |    10 |     8 |    14 ||    33
 Stab: Sleeping          |     5 |     5 |     4 |    14 |    32 ||    60
       Distracted        |       |       |     1 |     4 |       ||     5
       Confused          |       |       |       |     4 |       ||     4
       Paralysed         |       |       |       |     6 |     3 ||     9
  Eat: Ration            |       |     1 |     2 |     1 |     3 ||     7
       Chunk             |       |       |       |     3 |     4 ||     7
Armor: Robe              |     2 |    18 |    21 |    20 |       ||    61
       Skin              |       |       |       |    48 |       ||    48
       Troll leather arm |       |       |       |    21 |    41 ||    62
Dodge: Dodged            |    10 |    52 |   167 |   346 |   424 ||   999
Block: Buckler           |       |       |       |   139 |   208 ||   347
       Rpst.: Scimitar   |       |       |       |     1 |       ||     1

Table legend:
 A = Turns spent in this place as a percentage of turns spent in the entire game.
 B = Non-inter-level travel turns spent in this place as a percentage of non-inter-level travel turns spent in the entire game.
 C = Inter-level travel turns spent in this place as a percentage of turns spent in this place.
 D = Turns resting spent in this place as a percentage of non-inter-level travel turns spent in this place.
 E = Turns spent auto-exploring this place as a percentage of non-inter-level travel turns spent in this place.
 F = Non-inter-level travel turns spent in this place divided by the number of levels of this place that you've seen.
                   A       B       C       D       E      F
               +-------+-------+-------+-------+-------+----------------------
         Total | 100.0 | 100.0 |   1.2 |   0.2 |   0.0 | 273.6
       Dungeon |  49.4 |  50.0 |   0.0 |   0.4 |   0.0 | 273.7
        Temple |   0.7 |   0.4 |  41.3 |   0.0 |   0.0 |  27.0
          Lair |  28.5 |  28.8 |   0.0 |   0.0 |   0.0 | 315.7
         Swamp |   0.4 |   0.4 |   0.0 |   0.0 |   0.0 |  28.0
  Orcish Mines |  14.1 |  13.4 |   6.4 |   0.0 |   0.0 | 440.0
         Sewer |   2.7 |   2.7 |   0.0 |   0.0 |   0.0 | 179.0
       Volcano |   4.1 |   4.2 |   0.0 |   0.0 |   0.0 | 274.0
               +-------+-------+-------+-------+-------+----------------------

Table legend:
 A = Kills in this place as a percentage of kills in entire the game.
 B = Kills by you in this place as a percentage of kills by you in the entire game.
 C = Kills by friends in this place as a percentage of kills by friends in the entire game.
 D = Other kills in this place as a percentage of other kills in the entire game.
 E = Experience gained in this place as a percentage of experience gained in the entire game.
 F = Experience gained in this place divided by the number of levels of this place that you have seen.
                   A       B       C       D       E      F
               +-------+-------+-------+-------+-------+----------------------
         Total | 100.0 | 100.0 | 100.0 | 100.0 | 100.0 | 3886.3
       Dungeon |  43.3 |  44.3 |  27.0 | 100.0 |  20.5 | 1591.3
          Lair |  29.4 |  27.3 |  56.8 |   0.0 |  52.4 | 8139.2
         Swamp |   3.3 |   3.6 |   0.0 |   0.0 |   7.0 | 6511.0
  Orcish Mines |  18.5 |  18.8 |  16.2 |   0.0 |  15.5 | 7216.5
         Sewer |   2.7 |   2.9 |   0.0 |   0.0 |   0.0 |  27.0
       Volcano |   2.9 |   3.1 |   0.0 |   0.0 |   4.7 | 4369.0
               +-------+-------+-------+-------+-------+----------------------

Vault maps used:
D:1:      onia_arrival_handbag
D:2:      cheibrodos_pilgrimage, lemuel_crystal_altar
D:3:      yredelemnul_altar_generic, nemelex_xobeh_ov_fountains_minmay,
          first_ration, grunt_decor_arrowhead
D:4:      minmay_misc_feat_nine_boxes, serial_bayou_ford_a, uniq_ijyb,
          uniq_edmund
D:5:      wad_crossroads, cheibrodos_sewer_entry_bend, basic_altar, uniq_sigmund
D:6:      overflow_temple_1_default, minmay_temple_entry_glassed_door,
          serial_shops, kennysheep_mini_moat, uniq_prince_ribbit1
D:7:      serial_shops, kennysheep_little_box
D:8:      david_lair_generic, hangedman_pestilent_swarm, uniq_erica
D:10:     hangedman_screamer, orc_0_dummy, fungi_pond_lemuel
D:11:     uniq_maurice
Temple:   compressed_dpeg_circular_temple
Lair:1:   serial_bayou_pond_e
Lair:2:   nicolae_swamp_entry_splash_gauntlet,
          minmay_snake_entry_guardpost_small, nicolae_volcano_entry_batcave
Lair:3:   beast_lair_carwin_5
Lair:4:   dpeg_oklob_1, infiniplex_staircase_pool, serial_bayou_shore_b,
          lemuel_fruit_tree, minmay_lair_oklob_chamber, grunt_megastairs_1,
          uniq_nergalle
Lair:5:   gammafunk_cloud_chamber, serial_bayou_shore_b, grunt_megastairs_4,
          serial_bayou_shore_a
Lair:6:   evilmike_catoblepas_cave, dpeg_slime_entry_enclosed_altar,
          lemuel_altar_in_water2, grunt_megastairs_2, uniq_kirke
Swamp:1:  evilmike_swamp_ruin_rubble_1
Orc:1:    basic_altar, serial_shops, nicolae_shop_crystal
Orc:2:    st_orc_congregation
Sewer:    sewer_fruit_machine
Volcano:  volcano_lake
